 Dungeon Crawl Stone Soup version 0.30-a0-651-g0755cc6dcf (webtiles) character file.

Game seed: 14971717820270195024

3782 Decipherer the Spear-Bearer (level 9, -7/123 HPs)
             Began as a Minotaur Berserker on Jan 17, 2023.
             Was a Priest of Trog.
             Mangled by a tentacled starspawn (21 damage)
             ... on level 2 of the Abyss.
             The game lasted 00:09:27 (6637 turns).

Decipherer the Spear-Bearer (Minotaur Berserker)    Turns: 6637, Time: 00:09:27

Health: -7/123     AC:  9    Str: 28    XL:     9   Next: 95%
Magic:  8/8        EV: 19    Int:  7    God:    Trog [***...]
Gold:   458        SH: 10    Dex: 13    Spells: 8/8 levels left

rFire   + + +      SeeInvis +    G - +6 trident "Purhydgh" {heavy, Fragile rF+ rN+ Dex+3}
rCold   . . .      Faith    .    L - +1 buckler of Weightlessness {rPois Str+2 SInv}
rNeg    + . .      Spirit   .    E - +0 ring mail of Aduy {rF+ Int+3}
rPois   +          Reflect  +    (helmet restricted)
rElec   .          Harm     .    z - +1 cloak
rCorr   .          Rampage  .    n - +0 pair of gloves
Will    .....                    (no boots) Stlth
                                 F - amulet of reflection
HPRegen 0.40/turn                B - ring of poison resistance
MPRegen 0.11/turn                k - ring of protection from fire

@: agile, berserking (expiring), very quick
A: horns 2, retaliatory headbutt
a: Renounce Religion, Berserk, Trog's Hand


You were on level 2 of the Abyss.
You worshipped Trog.
Trog was most pleased with you.
You visited 1 branch of the dungeon, and saw 9 of its levels.
You visited the Abyss 1 time.
You also visited: Sewer.

You collected 458 gold pieces.

Inventory:

Hand Weapons
 b - the +6 halberd "Demon's Foe" {flame, Str+5}
   (You took it off a tengu conjurer on level 10 of the Dungeon)

   Str:       It affects your strength (+5).
 G - the +6 trident "Purhydgh" (weapon) {heavy, Fragile rF+ rN+ Dex+3}
   (You found it on level 5 of the Dungeon)

   Dex:       It affects your dexterity (+3).
   rF:        It protects you from fire.
   rN:        It protects you from negative energy.
   Fragile:   It will be destroyed if unequipped.
Missiles
 f - 2 curare-tipped darts
 r - 4 boomerangs
 v - 7 poisoned darts
Armour
 n - a +0 pair of gloves (worn)
 z - a +1 cloak (worn)
 E - the +0 ring mail of Aduy (worn) {rF+ Int+3}
   (You found it on level 5 of the Dungeon)

   Int:       It affects your intelligence (+3).
   rF:        It protects you from fire.
 L - the +1 buckler of Weightlessness (worn) {rPois Str+2 SInv}
   (You took it off an orc on level 6 of the Dungeon)

   Str:       It affects your strength (+2).
   rPois:     It protects you from poison.
   SInv:      It lets you see invisible.
Jewellery
 k - a ring of protection from fire (right hand)
 m - a ring of see invisible
 B - a ring of poison resistance (left hand)
 F - an amulet of reflection (around neck)
Wands
 a - a wand of paralysis (4)
 I - a wand of iceblast (15)
 K - a wand of flame (30)
Scrolls
 d - a scroll of vulnerability
 e - 2 scrolls of immolation
 g - 3 scrolls of blinking
 j - 2 scrolls of summoning
 l - 2 scrolls of teleportation
 s - 2 scrolls of fog {unknown}
 y - a scroll of silence {unknown}
 C - 3 scrolls of fear {unknown}
Potions
 h - a potion of cancellation {unknown}
 i - a potion of heal wounds
 o - 4 potions of mutation {unknown}
 p - 4 potions of lignification
 q - a potion of magic {unknown}
 t - 5 potions of flight
 u - a potion of resistance
 w - a potion of brilliance {unknown}
 A - a potion of haste {unknown}
 D - a potion of might {unknown}
 H - 2 potions of invisibility {unknown}
 J - a potion of curing {unknown}


   Skills:
 + Level 8.7 Fighting
 + Level 11.1 Polearms
 + Level 3.8 Armour
 + Level 8.1 Dodging
 + Level 3.7 Stealth
 + Level 3.1 Shields


You had 8 spell levels left.
You didn't know any spells.
Your spell library contained the following spells:

 Spells                   Type           Power      Damage    Failure   Level
 Foxfire                  Conj/Fire      0%         2x1d4     65%         1
 Kiss of Death            Conj/Necr      0%         2d5       65%         1
 Confusing Touch          Hex            0%         N/A       95%         3
 Dispel Undead            Necr           0%         3d6       100%        4
 Petrify                  Tmut/Erth      0%         N/A       100%        4
 Metabolic Englaciation   Hex/Ice        0%         N/A       100%        5
 Statue Form              Tmut/Erth      0%         N/A       100%        6


Dungeon Overview and Level Annotations

Branches:
Dungeon (10/15)            Temple (0/1) D:6           Sewer (visited)
   Lair: D:8-11         Orc: D:9-12

Altars:
Gozag
Kikubaaqudgha
Ru
Vehumet
Yredelemnul

Annotations:
D:5 3 runed translucent doors, semem's ghost, novice NaFi
D:9 Erolcha


Innate Abilities, Weirdness & Mutations

You have a pair of horns on your head.
You reflexively headbutt those who attack you in melee.


Message History

The tentacle pulls you backwards! The starspawn tentacle misses you.
The fire bat bites you.
You are engulfed in flames.
You resist.
You block the starspawn tentacle's attack.
A red film seems to cover your vision as you go berserk!
You feel yourself moving faster!
You feel mighty!
You can no longer call in reinforcements.
You block the fire bat's attack.
The fire bat bites you but does no damage. x2
The fire bat completely misses you. You furiously retaliate!
You headbutt the fire bat. The tentacled starspawn bites you!!
The tentacled starspawn tentacle-slaps you!
* * * LOW HITPOINT WARNING * * *
The starspawn tentacle barely misses you.
You furiously retaliate!
You headbutt the starspawn tentacle!
The ynoxinul gestures.
You block the starspawn tentacle's attack.
You hear a roar!
You impale the starspawn tentacle!!
You destroy the starspawn tentacle!
You block the fire bat's attack. The fire bat closely misses you.
The tentacled starspawn misses you.
You block the tentacled starspawn's attack.
The chaos spawn barely misses you. The tentacled starspawn misses you.
You block the tentacled starspawn's attack.
The ynoxinul hits you.
* * * LOW HITPOINT WARNING * * *
There is a gateway leading out of the Abyss here.
You feel a strong urge to attack something.
The fire bat bites you.
* * * LOW HITPOINT WARNING * * *
You are engulfed in flames.
You resist.
* * * LOW HITPOINT WARNING * * *
You block the fire bat's attack.
The starspawn tentacle barely misses you.
The chaos spawn gores you.
* * * LOW HITPOINT WARNING * * *
You feel agile all of a sudden. The ynoxinul completely misses you.
You furiously retaliate!
You headbutt the ynoxinul. The tentacled starspawn bites you!!
You die...

.##..##..# ..# ..
.... ....## .##..
................
#.. #........ .
#..##..##..#
.........##..##..
.......b5.......
. #. ##.wX35.....
#.. #.4@#..##..
.......b##..#
.......... ..
.##..##.... ..
#.. #..##. .. ...
...# .. . ..
..... . ##..


You could see a tentacled starspawn, a ynoxinul, a chaos spawn, 2 fire bats, a
starspawn tentacle and 2 ufetubi.

Vanquished Creatures
  A tengu conjurer (D:10)
  A hornet (D:10)
  Grinder (D:4)
  A ynoxinul (Abyss:2)
  2 wyverns
  Eustachio (D:6)
  A fire bat (Abyss:2)
  Menkaure (D:6)
  A water moccasin (D:5)
  An acid dragon (D:10)
  An ice beast (D:6)
  An orc warrior (D:10)
  3 ogres
  A centaur (D:5)
  2 phantoms
  3 bullfrogs
  A scorpion (D:6)
  2 necrophages
  7 killer bees (D:10)
  A howler monkey (D:5)
  A hound (D:5)
  2 jellies (D:5)
  4 orc priests
  An iguana (D:5)
  4 orc wizards
  3 gnolls (D:4)
  3 river rats (Sewer)
  15 adders
  A shadow imp (D:6)
  2 white imps
  2 ufetubi (D:6)
  2 worms
  3 dart slugs
  14 orcs
  18 ball pythons
  11 bats
  10 endoplasms
  5 giant cockroaches
  8 goblins
  2 hobgoblins (D:2)
  4 jackals
  7 kobolds
  4 quokkas
  7 frilled lizards
  3 rats
  A starspawn tentacle (Abyss:2)
170 creatures vanquished.

Vanquished Creatures (others)
  A starspawn tentacle (Abyss:2)
1 creature vanquished.

Grand Total: 171 creatures vanquished

Notes
Turn   | Place    | Note
-------+----------+-------------------------------------------
     0 | D:1      | Decipherer the Minotaur Berserker began the quest for the
                  | Orb.
     0 | D:1      | Reached XP level 1. HP: 19/19 MP: 0/0
   167 | D:1      | Reached skill level 4 in Polearms
   167 | D:1      | Reached XP level 2. HP: 27/27 MP: 1/1
   179 | D:1      | Found a faded altar of an unknown god.
   188 | D:1      | Got Plato's Incunabulum of the Burn
   763 | D:2      | Reached XP level 3. HP: 26/33 MP: 2/2
  1006 | D:2      | Reached ** piety under Trog
  1037 | D:2      | Reached skill level 5 in Polearms
  1047 | D:2      | Reached XP level 4. HP: 37/41 MP: 3/3
  1844 | D:3      | Found a glowing drain.
  1860 | Sewer    | Entered a sewer
  1964 | Sewer    | Reached XP level 5. HP: 46/47 MP: 4/4
  2060 | Sewer    | Reached *** piety under Trog
  2403 | Sewer    | Reached skill level 6 in Polearms
  3184 | D:4      | Reached skill level 5 in Fighting
  3217 | D:4      | Reached XP level 6. HP: 43/56 MP: 5/5
  3223 | D:4      | Reached skill level 1 in Stealth
  3509 | D:4      | Noticed Grinder
  3514 | D:4      | Paralysed by Grinder for 3 turns
  3534 | D:4      | Paralysed by Grinder for 2 turns
  3562 | D:4      | Killed Grinder
  3563 | D:4      | Reached skill level 7 in Polearms
  3563 | D:4      | Reached XP level 7. HP: 46/61 MP: 6/6
  3891 | D:5      | Entered Level 5 of the Dungeon
  4094 | D:5      | Reached skill level 5 in Dodging
  4158 | D:5      | Found an ancient bone altar of Kikubaaqudgha.
  4399 | D:5      | Reached skill level 8 in Polearms
  4500 | D:5      | Reached XP level 8. HP: 55/71 MP: 7/7
  4714 | D:5      | Identified the +0 ring mail of Aduy {rF+ Int+3}
  4804 | D:5      | Found a runed translucent gate.
  4804 | D:5      | Noticed semem's ghost (novice NaFi)
  4805 | D:5      | Found a runed translucent gate.
  4805 | D:5      | Found a runed translucent gate.
  4808 | D:5      | Identified the +6 trident "Purhydgh" {heavy, Fragile rF+
                  | rN+ Dex+3}
  4884 | D:5      | Found a sacrificial altar of Ru.
  4887 | D:5      | Found a radiant altar of Vehumet.
  4888 | D:5      | Found an opulent altar of Gozag.
  4889 | D:5      | Found a basalt altar of Yredelemnul.
  5009 | D:6      | Noticed Eustachio
  5024 | D:6      | Killed Eustachio
  5213 | D:6      | Reached skill level 9 in Polearms
  5618 | D:6      | Found a staircase to the Ecumenical Temple.
  5618 | D:6      | Noticed Menkaure
  5618 | D:6      | Identified the +1 buckler of Weightlessness {rPois Str+2
                  | SInv}
  5631 | D:6      | Killed Menkaure
  5853 | D:6      | Reached XP level 9. HP: 62/79 MP: 8/8
  6210 | D:7      | You fall into a shaft and drop 3 floors!
  6210 | D:10     | Entered Level 10 of the Dungeon
  6272 | D:10     | Identified the +6 halberd "Demon's Foe" {flame, Str+5}
  6272 | D:10     | Noticed a tengu conjurer
  6273 | D:10     | Reached skill level 10 in Polearms
  6273 | D:10     | Reached skill level 1 in Shields
  6281 | D:10     | Killed a tengu conjurer
  6494 | D:10     | Reached **** piety under Trog
  6553 | D:9      | Reached skill level 11 in Polearms
  6559 | D:9      | Noticed Erolcha
  6567 | Abyss:2  | Cast into level 2 of the Abyss (Erolcha)
  6584 | Abyss:2  | Noticed a starcursed mass
  6624 | Abyss:2  | Noticed a tentacled starspawn
  6637 | Abyss:2  | Mangled by a tentacled starspawn

Illustrated notes

Levels and vault maps discovered:
D:1:      lemuel_arrival_broad_hall, layout_basic,
          shapermc_ecumenical_altar_rom_forum
D:2:      layout_rooms, chequers_serial_rivers_large_a, minmay_guardbox
D:3:      layout_loops_cross, portal_sewer_entry_b
D:4:      layout_rooms, uniq_grinder
D:5:      layout_cave_pools, mainiacjoe_overflow_alcove_3,
          amcnicky_altar_gilded, gammafunk_ghost_necromancy
D:6:      layout_loops_cross, minmay_temple_entry_statues_fountains,
          uniq_eustachio, uniq_menkaure
D:7:      layout_basic, grunt_dithmenos_smoke, mainiacjoe_overflow_catwalk,
          serial_rivers, chequers_serial_rivers_small_a,
          chequers_serial_rivers_micro_e, chequers_serial_rivers_room_b,
          chequers_serial_rivers_small_a, chequers_serial_rivers_small_a,
          chequers_serial_rivers_micro_d, uniq_maggie
D:9:      layout_layer_cave, marbit_many_paths, hangedman_decor_diamond_cutter,
          eino_small_chamber_without_monster, nicolae_rejected_hall,
          uniq_erolcha
D:10:     layout_roguey, kennysheep_potato
Abyss:2:  base:
D:6

Skill      XL: |  1  2  3  4  5  6  7  8  9 |
---------------+----------------------------+-----
Polearms       | 4 5 6 7 8 9 11 | 11.1
Fighting       | 4 5 6 7 8 |  8.7
Dodging        | 3 4 5 7 8 |  8.1
Stealth        | 1 2 3 |  3.7
Shields        | 3 |  3.1
Armour         | 3 |  3.8

Action                   |  1- 3 |  4- 6 |  7- 9 || total
-------------------------+-------+-------+-------++-------
Melee: Spear             |   117 |   165 |   202 ||   484
       Headbutt          |     9 |    14 |    34 ||    57
       Punch             |       |     1 |     5 ||     6
       Trident           |       |       |    61 ||    61
Invok: Berserk           |     1 |     3 |     6 ||    10
       Trog's Hand       |       |     1 |     2 ||     3
  Use: Scroll            |       |     5 |     2 ||     7
       Potion            |       |     3 |     1 ||     4
 Stab: Sleeping          |       |       |     2 ||     2
Armor: Animal skin       |    19 |    35 |    18 ||    72
       Skin              |       |     9 |       ||     9
       Ring mail         |       |       |    30 ||    30
Dodge: Dodged            |    49 |    90 |   144 ||   283
Block: Other             |       |       |     6 ||     6
       Buckler           |       |       |    63 ||    63

Table legend: (Time is in decaauts)
 A = Elapsed time spent in this place.
 B = Non-inter-level travel time spent in this place.
 C = Inter-level travel time spent in this place.
 D = Time resting spent in this place.
 E = Time spent auto-exploring this place.
 F = Levels seen in this place.
 G = Mean time per level.
                   A        B        C        D        E       F      G
               +--------+--------+--------+--------+--------+-----+--------+
         Total |   6845 |   6699 |    146 |      0 |   4736 |  11 |  622.3 |
       Dungeon |   5595 |   5449 |    146 |      0 |   3953 |   9 |  621.7 |
         Abyss |     85 |     85 |      0 |      0 |      0 |   1 |   85.0 |
         Sewer |   1164 |   1164 |      0 |      0 |    783 |   1 | 1164.0 |
               +--------+--------+--------+--------+--------+-----+--------+

Top non-repeatable levels by time:
   Sewer: 1164 daAuts
     D:5: 1094 daAuts
     D:6: 1024 daAuts
     D:3: 823 daAuts
     D:1: 744 daAuts
     D:4: 715 daAuts
     D:2: 654 daAuts
    D:10: 349 daAuts
     D:7: 155 daAuts
 Abyss:2: 85 daAuts
     D:9: 32 daAuts
